Map: [ESL] Data-C

Players

SKillous - Winner!

  • Race: Protoss Protoss
  • Spawn Location: 9:00

Krystianer

  • Race: Protoss Protoss
  • Spawn Location: 3:00

Event: DreamHack SC2 Masters 2022 Atlanta (Online)

VOD

Have the link to the VOD?

Description

Time

  • Played on: Sept. 29, 2022, 2:22 p.m.
  • Length: 16:50

All games in this series

Show
View Real Time Build Order
Export as new Build Order

SKillous Protoss - Winner!

Build Orders: Oracle Opening, Blink Stalkers 

Get SALT Encoding   

  12  0:00  Probe  
  13  0:12  Probe  
  14  0:18  Pylon  
  14  0:24  Probe  
  15  0:36  Probe (Chrono Boost)  
  15  0:39  Gateway  
  16  0:46  Probe (Chrono Boost), Assimilator  
  17  0:51  Probe (Chrono Boost)  
  18  1:03  Probe  
  19  1:15  Probe  
  20  1:22  Pylon  
  20  1:26  Cybernetics Core  
  20  1:27  Pylon  
  20  1:28  Zealot  
  20  1:31  Probe  
  23  1:45  Probe  
  24  1:49  Pylon  
  24  1:58  Probe  
  25  2:01  Assimilator  
  25  2:02  Warp Gate, Stalker  
  27  2:08  Pylon  
  27  2:11  Probe  
  28  2:23  Probe  
  28  2:25  Nexus  
  31  2:39  Pylon  
  31  2:40  Probe (Chrono Boost)  
  29  2:45  Stargate  
  29  2:49  Probe (Chrono Boost)  
  30  2:54  Probe (Chrono Boost)  
  30  2:57  Shield Battery  
  31  3:08  Gateway  
  31  3:09  Probe  
  32  3:21  Probe  
  32  3:22  Twilight Council  
  33  3:34  Oracle (Chrono Boost)  
  33  3:36  Probe  
  37  3:44  Shield Battery  
  37  3:45  Probe  
  38  3:50  Stalker  
  38  3:54  Probe  
  41  3:57  Probe, Blink (Chrono Boost)  
  40  4:06  Probe  
  40  4:09  Probe  
  42  4:14  Gateway  
  42  4:18  Stalker  
  42  4:20  Probe  
  45  4:25  Pylon  
  45  4:26  Probe  
  46  4:37  Probe  
  47  4:38  Probe  
  47  4:39  Stalker  
  47  4:41  Stalker  
  52  4:51  Probe, Gateway  
  52  4:52  Probe  
  54  4:53  Assimilator  
  54  5:02  Pylon  
  54  5:03  Probe  
  54  5:04  Probe  
  54  5:05  Stalker  
  58  5:08  Stalker  
  58  5:12  Stalker  
  62  5:20  Pylon  
  62  5:28  Stalker  
  62  5:33  Stalker  
  62  5:35  Stalker  
  66  5:49  Stalker  
  68  5:52  Stalker  
  68  5:53  Probe  
  68  5:55  Pylon  
  71  6:02  Stalker x2  
  71  6:03  Probe  
  74  6:20  Stalker  
  74  6:21  Stalker  
  74  6:22  Nexus  
  74  6:24  Pylon  
  74  6:31  Stalker x2  
  78  6:37  Probe  
  75  6:43  Probe  
  75  6:44  Pylon  
  74  6:50  Probe  
  75  6:55  Probe  
  75  7:00  Forge  
  76  7:02  Probe  
  76  7:03  Stalker x3  
  76  7:07  Probe  
  84  7:14  Probe  
  84  7:15  Stalker  
  87  7:18  Pylon  
  87  7:19  Probe  
  86  7:26  Protoss Ground Weapons Level 1 (Chrono Boost), Probe  
  86  7:27  Stalker x3  
  91  7:32  Probe  
  91  7:36  Probe  
  93  7:38  Probe  
  93  7:44  Probe  
  95  7:45  Gateway  
  95  7:48  Probe  
  95  7:50  Gateway, Stalker x2, Probe  
  101  7:52  Stalker  
  101  7:56  Probe  
  101  7:58  Photon Cannon  
  104  8:01  Stalker  
  106  8:08  Gateway  
  106  8:09  Gateway  
  106  8:11  Photon Cannon  
  106  8:20  Stalker x3  
  106  8:26  Pylon  
  112  8:27  Charge  
  112  8:30  Pylon  
  112  8:33  Gateway  
  112  8:41  Pylon  
  112  8:44  Nexus  
  112  8:48  Sentry  
  112  8:50  Pylon  
  112  8:51  Shield Battery  
  112  8:53  Stalker  
  112  8:54  Stalker  
  118  8:56  Oracle (Chrono Boost)  
  118  9:01  Stalker  
  121  9:04  Protoss Ground Weapons Level 2 (Chrono Boost)  
  119  9:16  Probe x3  
  122  9:18  Assimilator  
  122  9:20  Photon Cannon  
  122  9:24  Stalker x2  
  126  9:28  Probe  
  126  9:31  Shield Battery  
  127  9:33  Photon Cannon  
  127  9:36  Probe  
  126  9:48  Stalker x4  
  134  9:54  Probe x3  
  134  9:56  Phoenix (Chrono Boost)  
  134  9:58  Shield Battery  
  139  10:02  Stalker  
  139  10:05  Assimilator  
  139  10:06  Assimilator  
  141  10:08  Pylon  
  141  10:09  Pylon  
  141  10:14  Stalker x2  
  141  10:15  Probe x2  
  147  10:32  Stalker x4  
  147  10:35  Probe x2  
  149  10:54  Probe x3  
  149  10:55  Robotics Facility  
  149  10:56  Photon Cannon  
  152  10:57  Stalker x5  
  152  10:59  Shield Battery  
  152  11:02  Pylon  
  162  11:13  Nexus, Stalker x3  
  162  11:14  Protoss Ground Weapons Level 3 (Chrono Boost)  
  162  11:15  Probe, Pylon  
  169  11:22  Photon Cannon  
  169  11:27  Photon Cannon  
  169  11:28  Probe  
  169  11:29  Shield Battery  
  170  11:39  Stalker x5  
  180  11:40  Stalker x2  
  180  11:45  Observer (Chrono Boost)  
  185  11:51  Photon Cannon  
  185  11:53  Shield Battery  
  183  11:54  Photon Cannon  
  183  11:56  Pylon  
  183  12:00  Assimilator x2  
  184  12:01  Probe (Chrono Boost)  
  184  12:02  Probe (Chrono Boost)  
  184  12:03  Robotics Facility, Robotics Bay  
  182  12:11  Probe x2 (Chrono Boost)  
  180  12:15  Pylon  
  180  12:16  Robotics Facility  
  180  12:17  Pylon  
  180  12:19  Pylon  
  180  12:22  Pylon  
  180  12:26  Pylon  
  180  12:33  Probe  
  180  12:34  Observer  
  181  12:45  Photon Cannon  
  181  12:48  Photon Cannon  
  181  12:50  Photon Cannon  
  179  12:52  Photon Cannon, Stalker x8, Pylon  
  179  12:54  Nexus  
  179  12:55  Pylon  
  179  12:58  Pylon  
  195  13:05  Observer (Chrono Boost)  
  180  13:15  Observer x2 (Chrono Boost)  
  180  13:18  Photon Cannon  
  180  13:20  Photon Cannon, Stalker x6  
  180  13:21  Shield Battery  
  180  13:25  Shield Battery  
  188  13:28  Zealot x2  
  188  13:35  Photon Cannon  
  188  13:37  Photon Cannon  
  188  13:38  Disruptor (Chrono Boost), Photon Cannon  
  188  13:41  Pylon  
  191  13:43  Disruptor (Chrono Boost)  
  197  13:49  Disruptor (Chrono Boost), Assimilator  
  197  13:54  Assimilator  
  197  13:58  Pylon  
  197  13:59  Shield Battery  
  197  14:05  Protoss Shields Level 1 (Chrono Boost)  
  200  14:13  Photon Cannon  
  200  14:14  Disruptor (Chrono Boost), Photon Cannon  
  200  14:16  Shield Battery  
  200  14:23  Disruptor x2 (Chrono Boost)  
  195  14:36  Zealot x2  
  199  14:44  Photon Cannon  
  195  14:46  Disruptor, Photon Cannon x2  
  195  14:49  Photon Cannon x2  
  186  14:54  Zealot x6  
  198  15:12  Zealot x2  
  192  15:15  Zealot x6  
  196  15:25  Disruptor  
  188  15:36  Stalker x6  
  200  15:52  Nexus  
  200  15:56  Pylon  
  200  15:58  Photon Cannon  
  200  16:00  Gravitic Boosters (Chrono Boost), Photon Cannon  
  200  16:01  Photon Cannon  
  200  16:03  Disruptor  
  200  16:09  Photon Cannon  
  200  16:10  Shield Battery  
  154  16:26  Stalker  
  154  16:27  Stalker x6  
  166  16:37  Zealot  
Show
View Real Time Build Order
Export as new Build Order

Krystianer Protoss 

Build Orders: Blink Stalkers 

Get SALT Encoding   

  12  0:00  Probe  
  13  0:12  Probe  
  14  0:19  Pylon  
  14  0:24  Probe  
  15  0:37  Probe (Chrono Boost)  
  15  0:38  Gateway  
  16  0:46  Probe (Chrono Boost)  
  16  0:47  Assimilator  
  17  0:52  Probe  
  18  1:04  Probe  
  19  1:16  Probe  
  20  1:29  Zealot, Probe  
  20  1:31  Cybernetics Core  
  23  1:33  Pylon  
  23  1:35  Assimilator  
  23  1:51  Probe  
  24  1:54  Pylon  
  24  2:03  Probe  
  24  2:05  Stalker (Chrono Boost)  
  24  2:08  Warp Gate  
  27  2:15  Probe  
  28  2:27  Nexus  
  28  2:28  Stalker  
  30  2:35  Probe  
  30  2:39  Pylon  
  30  2:47  Probe  
  31  2:53  Twilight Council  
  31  2:57  Stalker (Chrono Boost)  
  31  3:02  Probe  
  34  3:12  Gateway  
  34  3:16  Probe  
  35  3:22  Stalker  
  37  3:32  Probe  
  38  3:40  Probe (Chrono Boost)  
  39  3:41  Blink (Chrono Boost)  
  39  3:44  Probe (Chrono Boost)  
  38  3:52  Probe (Chrono Boost)  
  38  3:54  Probe (Chrono Boost)  
  40  3:57  Probe (Chrono Boost)  
  40  3:59  Probe (Chrono Boost)  
  42  4:06  Probe, Stalker  
  42  4:08  Stalker  
  47  4:10  Probe  
  48  4:19  Probe  
  49  4:26  Probe  
  49  4:31  Stalker x2  
  48  4:33  Probe  
  48  4:39  Probe  
  48  4:45  Probe  
  50  4:51  Nexus  
  50  4:55  Pylon  
  50  5:00  Stalker  
  50  5:04  Stalker  
  54  5:13  Probe x2  
  56  5:17  Pylon  
  56  5:18  Assimilator  
  56  5:25  Probe x2 (Chrono Boost)  
  56  5:27  Stalker x2  
  62  5:37  Probe (Chrono Boost)  
  64  5:43  Probe (Chrono Boost)  
  64  5:44  Robotics Facility  
  64  5:46  Probe (Chrono Boost)  
  66  5:50  Probe (Chrono Boost)  
  66  5:51  Probe  
  66  5:53  Stalker  
  66  5:54  Gateway  
  69  6:01  Probe  
  69  6:03  Probe  
  71  6:04  Probe  
  71  6:08  Shield Battery  
  71  6:09  Stalker  
  70  6:13  Probe  
  70  6:15  Probe  
  70  6:16  Probe  
  70  6:25  Probe, Stalker  
  72  6:27  Probe  
  72  6:28  Probe  
  75  6:37  Probe (Chrono Boost)  
  75  6:41  Probe (Chrono Boost)  
  75  6:42  Probe (Chrono Boost)  
  75  6:45  Stalker  
  77  6:50  Probe (Chrono Boost)  
  78  6:57  Probe (Chrono Boost), Stalker x2  
  83  7:02  Immortal (Chrono Boost)  
  83  7:06  Pylon  
  83  7:08  Shield Battery, Pylon  
  85  7:10  Pylon  
  85  7:11  Forge  
  85  7:20  Probe x2  
  85  7:24  Probe  
  85  7:29  Stalker x3  
  90  7:31  Immortal (Chrono Boost)  
  90  7:32  Probe x2  
  90  7:34  Protoss Ground Weapons Level 1  
  90  7:36  Probe  
  94  7:44  Pylon  
  94  7:45  Probe x2  
  94  7:48  Probe, Pylon  
  97  7:57  Probe x2  
  98  8:01  Stalker x2  
  98  8:02  Stalker  
  104  8:05  Pylon  
  104  8:06  Probe  
  104  8:09  Probe  
  106  8:18  Probe  
  107  8:20  Gateway  
  107  8:22  Gateway  
  107  8:24  Gateway  
  107  8:27  Charge (Chrono Boost)  
  109  8:30  Gateway  
  109  8:33  Gateway  
  107  8:35  Observer (Chrono Boost)  
  107  8:39  Probe  
  109  8:43  Pylon  
  109  8:47  Nexus  
  109  8:49  Stalker x2, Pylon  
  109  8:55  Warp Prism (Chrono Boost)  
  115  8:56  Probe  
  115  8:57  Probe  
  115  9:01  Pylon  
  115  9:02  Zealot  
  119  9:03  Probe  
  119  9:08  Probe  
  119  9:09  Probe  
  106  9:13  Stalker x2  
  106  9:15  Probe  
  105  9:17  Stalker  
  105  9:18  Stalker  
  105  9:20  Probe  
  105  9:22  Shield Battery  
  110  9:25  Dark Shrine  
  110  9:26  Zealot  
  114  9:33  Probe (Chrono Boost)  
  114  9:34  Probe (Chrono Boost), Assimilator  
  114  9:40  Zealot  
  114  9:41  Zealot x2  
  114  9:44  Probe (Chrono Boost)  
  121  9:47  Nexus  
  121  9:50  Protoss Ground Weapons Level 2 (Chrono Boost)  
  121  9:52  Stalker  
  123  9:53  Stalker  
  125  10:00  Zealot x3  
  131  10:07  Pylon  
  131  10:09  Probe  
  131  10:14  Probe  
  133  10:20  Zealot x4  
  141  10:23  Pylon  
  141  10:25  Pylon  
  141  10:28  Pylon  
  141  10:29  Pylon  
  138  10:36  Stalker x2  
  138  10:41  Stalker x3  
  138  10:42  Probe x2  
  138  10:44  Probe  
  133  10:51  Zealot  
  133  10:54  Probe x2  
  133  10:56  Probe  
  136  11:08  Dark Templar x2  
  136  11:09  Dark Templar x2  
  136  11:10  Zealot x3  
  150  11:12  Zealot  
  150  11:13  Probe  
  150  11:16  Probe  
  154  11:19  Probe  
  155  11:29  Warp Prism (Chrono Boost)  
  157  11:36  Zealot x4  
  161  11:40  Pylon  
  161  11:41  Photon Cannon  
  161  11:43  Shadow Stride  
  161  11:44  Stalker x3  
  161  11:45  Probe  
  161  11:47  Probe  
  166  11:51  Pylon  
  160  11:58  Zealot x5  
  160  12:01  Probe  
  171  12:02  Probe  
  170  12:11  Probe  
  170  12:14  Stalker x3  
  167  12:17  Probe  
  167  12:19  Pylon  
  167  12:20  Zealot x4, Protoss Ground Armor Level 1 (Chrono Boost)  
  176  12:30  Pylon  
  176  12:37  Nexus  
  176  12:50  Probe  
  169  12:53  Zealot x3  
  169  12:54  Zealot x5  
  169  12:55  Probe x2  
  183  13:02  Probe  
  165  13:07  Probe x2  
  165  13:08  Warp Prism  
  165  13:12  Robotics Facility, Assimilator  
  165  13:14  Zealot x3, Robotics Bay, Probe  
  165  13:15  Zealot x2  
  174  13:20  Probe  
  174  13:21  Probe, Assimilator  
  174  13:23  Assimilator  
  174  13:26  Probe  
  161  13:34  Stalker  
  161  13:35  Stalker x4  
  171  13:42  Zealot x3  
  171  13:45  Photon Cannon  
  177  13:56  Assimilator  
  177  13:59  Disruptor x2 (Chrono Boost)  
  177  14:00  Assimilator  
  180  14:03  Gravitic Boosters  
  180  14:08  Zealot x7  
  195  14:12  Shield Battery  
  195  14:24  Robotics Facility  
  195  14:28  Pylon  
  195  14:29  Disruptor (Chrono Boost), Pylon  
  195  14:37  Disruptor (Chrono Boost)  
  193  14:50  Zealot x6  
  193  14:52  Zealot  
  199  14:55  Disruptor (Chrono Boost)  
  198  15:03  Warp Prism (Chrono Boost)  
  176  15:23  Observer  
  176  15:26  Probe  
  176  15:27  Probe  
  139  15:30  Zealot x8  
  139  15:31  Disruptor (Chrono Boost)  
  140  15:39  Probe  
  140  15:41  Disruptor (Chrono Boost)  
  134  15:50  Stalker x5  
  134  15:51  Stalker x3  
  134  15:53  Nexus  
  134  15:54  Disruptor (Chrono Boost)  
  144  15:58  Probe  
  144  15:59  Disruptor (Chrono Boost), Probe  
  144  16:00  Probe  
  148  16:08  Pylon  
  148  16:09  Disruptor  
  122  16:23  Zealot x8  
  122  16:24  Probe  
  106  16:43  Stalker x4  
Tags
 
Add a new tag
Caveats
  • Supply blocks, unpowered buildings, or Contaminate may cause inaccurate times.
  • Supply counts are checked every 10 seconds.